Map: Dash and Terminal LE (Void)

Players

wabbajack

  • Race: Terran Terran
  • League: Grandmaster

Zerg - Winner!

  • Race: Zerg Zerg
  • League: Grandmaster

VOD

Have the link to the VOD?

Description

Time

  • Played on: July 14, 2015, 11:24 a.m.
  • Length: 4:11
Show
View Real Time Build Order
Export as new Build Order

wabbajack Terran 

Build Orders: Command Center First (CC) 

Get SALT Encoding   

  12  0:01  SCV  
  13  0:13  SCV  
  14  0:25  SCV  
  15  0:33  Supply Depot  
  15  0:54  SCV  
  16  1:00  Command Center  
  16  1:12  Barracks  
  16  1:13  SCV  
  17  1:19  Refinery  
  17  1:25  SCV  
  17  1:30  Refinery  
  18  1:37  SCV  
  19  1:48  Engineering Bay  
  19  1:52  SCV  
  20  2:01  Supply Depot, Marine  
  21  2:18  Orbital Command  
  21  2:27  Planetary Fortress  
  21  2:37  Marine  
  22  2:48  Factory  
  23  2:51  SCV  
  23  3:01  Barracks Tech Lab  
  23  3:03  SCV  
  24  3:09  SCV  
  25  3:15  SCV  
  25  3:19  Barracks  
  26  3:27  Marine  
  26  3:30  SCV  
  26  3:33  SCV  
  29  3:42  SCV  
  29  3:45  SCV  
  29  3:48  Starport  
  31  3:49  Marine  
Show
View Real Time Build Order
Export as new Build Order

Zerg Zerg - Winner!

Build Orders: Pool First 

Get SALT Encoding   

  12  0:01  Drone  
  13  0:09  Drone  
  14  0:18  Overlord  
  14  0:36  Drone x3  
  17  0:49  Drone  
  18  0:58  Drone, Extractor  
  18  0:59  Spawning Pool  
  18  1:00  Extractor  
  16  1:09  Drone  
  17  1:20  Drone  
  18  1:31  Drone  
  19  1:42  Drone  
  19  1:45  Queen  
  22  1:47  Metabolic Boost  
  22  1:58  Overlord  
  22  2:10  Baneling Nest  
  22  2:11  Overlord  
  21  2:17  Zergling x2  
  22  2:26  Zergling x2  
  23  2:35  Zergling x2  
  24  2:46  Overlord  
  24  2:57  Zergling x6  
  24  2:58  Zergling x2  
  28  3:06  Hatchery  
  28  3:08  Zergling x2  
  28  3:17  Zergling x2  
  29  3:23  Zergling x2  
  29  3:26  Baneling x2  
  29  3:27  Baneling x4  
  30  3:36  Zergling x2  
  30  3:37  Zergling x6  
Tags
 
Add a new tag
Caveats
  • Supply blocks, unpowered buildings, or Contaminate may cause inaccurate times.
  • Supply counts are checked every 10 seconds.